 Dungeon Crawl Stone Soup version 0.29.1-1-gd02db6906a (webtiles) character file.

Game seed: 11439699578520885662

2759 MisterFreud the Nimble (level 9, 0/46 HPs)
             Began as a Felid Berserker on Sept 19, 2022.
             Was a Priest of Trog.
             Slain by a centaur warrior (8 damage)
             ... on level 9 of the Dungeon.
             The game lasted 00:11:21 (10414 turns).

MisterFreud the Nimble (Felid Berserker)           Turns: 10414, Time: 00:11:22

Health: 0/46       AC:  6    Str: 13    XL:     9   Next: 41%
Magic:  0/10       EV: 29    Int:  8    God:    Trog [***...]
Gold:   538        SH:  0    Dex: 21    Spells: 8/8 levels left
                                        Lives:  0   Deaths: 2

rFire   . . .      SeeInvis +     - Unarmed
rCold   . . .      Faith    .   (shield unavailable)
rNeg    . . .      Spirit   +   (body armour unavailable)
rPois   +          Reflect  .   (helmet unavailable)
rElec   .          Harm     .   (cloak unavailable)
rCorr   .          Rampage  .   (gloves unavailable)
Will    +....                   (boots unavailable)
Stlth   +++++.....              o - amulet of guardian spirit
HPRegen 0.15/turn               t - +4 ring of protection
MPRegen 0.12/turn               r - ring of poison resistance

@: studying Unarmed Combat, quick
A: very small, claws 1, fangs 3, see invisible, speed 1, shaggy fur 2, stealthy
paws, no weapons or thrown items, no armour, multi-lived
a: Renounce Religion, Berserk, Trog's Hand


You were on level 9 of the Dungeon.
You worshipped Trog.
Trog was most pleased with you.
You visited 1 branch of the dungeon, and saw 10 of its levels.
You also visited: Bailey.

You collected 538 gold pieces.

Inventory:

Jewellery
 e - a ring of protection from cold
 h - an amulet of the acrobat
 o - an amulet of guardian spirit (around neck)
 r - a ring of poison resistance (right paw)
 t - a +4 ring of protection (left paw)
 y - a ring of resist corrosion
Wands
 f - a wand of digging (7)
 u - a wand of acid (9)
 v - a wand of flame (3)
 x - a wand of mindburst (12)
Scrolls
 c - 3 scrolls of enchant weapon
 d - 3 scrolls of teleportation
 j - a scroll of noise
 l - a scroll of amnesia {unknown}
 p - a scroll of enchant armour {unknown}
 q - a scroll of magic mapping
 s - a scroll of vulnerability
 z - a scroll of immolation {unknown}
 A - a scroll of identify
Potions
 a - 4 potions of might
 b - a potion of heal wounds {unknown}
 g - a potion of ambrosia
 i - 2 potions of flight
 k - 2 potions of mutation
 m - 2 potions of haste
 n - 3 potions of curing


   Skills:
 + Level 9.6 Fighting
 + Level 13.7 Dodging
 - Level 10.0 Stealth
 - Level 10.0 Unarmed Combat


You had 8 spell levels left.
You didn't know any spells.
Your spell library was empty.

Dungeon Overview and Level Annotations

Branches:
Dungeon (10/15)            Temple (0/1) D:7          Bailey (visited)
   Lair: D:8-11         Orc: D:9-12

Altars:
Ashenzari
Dithmenos
Fedhas
Nemelex Xobeh
Okawaru
Ru
Trog
Uskayaw
Vehumet
Wu Jian
Xom
Zin

Shops:
D:5 =

Annotations:
D:1 2 transporters
D:5 Prince Ribbit


Innate Abilities, Weirdness & Mutations

You have sharp claws.
You have razor-sharp teeth.
You have supernaturally acute eyesight. (SInv)
You cover ground quickly. (Speed+)
You are covered in thick fur. (AC +2)
Your paws help you pounce on unaware monsters.
You are incapable of wielding weapons or throwing items.
You cannot wear armour.
You gain extra lives every three experience levels.


Message History

A manticore is nearby!
The manticore misses you. The manticore closely misses you.
The manticore claws you but does no damage.
You claw the manticore!
The manticore is moderately wounded.
You scratch the manticore.
The manticore is moderately wounded.
The manticore completely misses you. The manticore closely misses you.
The manticore completely misses you.
You scratch the manticore. You bite the manticore.
The manticore is heavily wounded.
You claw the manticore! You bite the manticore.
The manticore is severely wounded.
A centaur warrior comes into view.
The manticore completely misses you. x2; The manticore misses you.
The centaur warrior shouts!
You scratch the manticore.
The manticore is almost dead.
The centaur warrior wields a +0 shortbow.
The centaur warrior shoots an arrow.
The arrow hits you. The manticore completely misses you.
The manticore claws you. The manticore closely misses you.
You claw the manticore!
You kill the manticore!
Trog accepts your kill.
The centaur warrior shoots an arrow.
The arrow hits you!
The centaur warrior shoots an arrow.
The arrow barely misses you.
The centaur warrior shoots an arrow.
The arrow misses you.
The centaur warrior shoots an arrow.
The arrow hits you!!
The centaur warrior shoots an arrow.
The arrow barely misses you.
The centaur warrior unwields a +0 shortbow.
The centaur warrior hits you!
* * * LOW HITPOINT WARNING * * *
The centaur warrior kicks you.
* * * LOW HITPOINT WARNING * * *
You barely miss the centaur warrior. Your bite misses the centaur warrior.
The centaur warrior barely misses you.
The centaur warrior kicks you but does no damage.
The centaur warrior hits you!
You die...

#....#.#####.#.....###.#...#.###.
..##.#.#####.....###...#...#...##
####...........###.....#...#.....
# ###.##....###.......#...#.....
# #...<.###>........'...)..... #
####....###.......#...#.....
#.......###)....#...#.....
########.#.......###...#...#...##
#...<..#........@..###.#...#.###.
#...†o...........c...###>.<###...
....o..........).......#####.....
#...o............#.......#.......
#...o..#.......)...###.......####
#......###....))).)##......### #
####....†........#....)..#.# #
.....####.###.###........#.# #
####.# .......# #.......##.# #


You could see a centaur warrior.

Vanquished Creatures
  2 centaur warriors
  Erica (D:9)
  A tengu warrior (D:9)
  A deep elf pyromancer (D:9)
  A manticore (D:9)
  A slime creature (D:9)
  Sigmund (D:2)
  7 yaks
  A wyvern (D:9)
  A vampire mosquito (D:9)
  Edmund (D:6)
  2 water moccasins
  A sky beast (D:7)
  5 orc warriors
  2 black bears
  6 centaurs
  An ogre (D:6)
  2 phantoms (D:5)
  2 kobold brigands (D:8)
  2 bullfrogs
  2 scorpions
  4 necrophages
  3 gnoll sergeants
  3 wights (D:8)
  3 killer bees (D:10)
  2 howler monkeys (D:7)
  3 hounds
  3 orc priests
  3 iguanas
  3 orc wizards
  17 gnolls
  12 adders
  An ufetubus (D:4)
  2 worms (D:3)
  2 dart slugs
  18 orcs
  4 bats
  10 endoplasms
  2 giant cockroaches
  15 goblins
  3 jackals (D:1)
  14 kobolds
  7 quokkas
  5 ball pythons
  3 frilled lizards
  6 rats
191 creatures vanquished.

Vanquished Creatures (others)
  A plant (D:7)
1 creature vanquished.

Grand Total: 192 creatures vanquished

Notes
Turn   | Place    | Note
-------+----------+-------------------------------------------
     0 | D:1      | MisterFreud the Felid Berserker began the quest for the
                  | Orb.
     0 | D:1      | Reached XP level 1. HP: 10/10 MP: 2/2
   161 | D:1      | Found a faded altar of an unknown god.
   166 | D:1      | Reached skill level 1 in Stealth
   320 | D:1      | Reached XP level 2. HP: 14/14 MP: 3/3
   911 | D:2      | Reached XP level 3. HP: 17/17 MP: 4/4
  1505 | D:2      | Reached XP level 4. HP: 21/21 MP: 5/5
  1521 | D:2      | Noticed Sigmund
  1532 | D:2      | Killed Sigmund
  1533 | D:2      | Reached skill level 5 in Stealth
  1533 | D:2      | Reached skill level 5 in Unarmed Combat
  1533 | D:2      | Reached XP level 5. HP: 24/24 MP: 6/6
  1668 | D:3      | Reached ** piety under Trog
  1930 | D:3      | Gained mutation: You are covered in thick fur. (AC +2)
                  | [Felid growth]
  1930 | D:3      | Reached XP level 6. HP: 28/28 MP: 7/7
  1990 | D:3      | Found a sacrificial altar of Ru.
  3015 | D:4      | Found a broken altar of Ashenzari.
  3017 | D:4      | Found a sparkling altar of Nemelex Xobeh.
  3017 | D:4      | Found a shimmering altar of Xom.
  3022 | D:4      | Found a shadowy altar of Dithmenos.
  3022 | D:4      | Found a hide-covered altar of Uskayaw.
  3022 | D:4      | Found a shimmering altar of Xom.
  3287 | D:4      | Reached skill level 5 in Dodging
  3401 | D:5      | Entered Level 5 of the Dungeon
  3468 | D:5      | Reached XP level 7. HP: 27/31 MP: 6/8
  3534 | D:5      | Found Yrudghae's Jewellery Shop.
  3560 | D:5      | Reached skill level 6 in Dodging
  3573 | D:5      | Reached skill level 7 in Dodging
  3978 | D:5      | Noticed Prince Ribbit
  3986 | D:5      | Reached skill level 8 in Dodging
  4279 | D:5      | Found a glowing silver altar of Zin.
  4279 | D:5      | Found an ornate altar of the Wu Jian Council.
  4355 | D:5      | Reached skill level 9 in Dodging
  4870 | D:5      | Reached XP level 8. HP: 34/34 MP: 7/9
  4984 | D:5      | Reached skill level 10 in Dodging
  5048 | D:6      | Found a hide-covered altar of Uskayaw.
  5053 | D:6      | Reached *** piety under Trog
  5160 | D:6      | Noticed Edmund
  5173 | D:6      | Killed Edmund
  5417 | D:6      | Found a blossoming altar of Fedhas.
  5517 | D:6      | HP: 1/52 [gnoll sergeant/+0 spear (5)]
  5991 | D:6      | Reached skill level 5 in Fighting
  6579 | D:6      | Found a bloodstained altar of Trog.
  6580 | D:6      | Found a radiant altar of Vehumet.
  6580 | D:6      | Found a broken altar of Ashenzari.
  6591 | D:6      | Found a shadowy altar of Dithmenos.
  6971 | D:7      | Found a staircase to the Ecumenical Temple.
  6975 | D:7      | Reached XP level 9. HP: 41/41 MP: 10/10
  7032 | D:7      | Found a flagged portal.
  7042 | Bailey   | Entered a bailey
  7241 | Bailey   | Found a large runed translucent door.
  7241 | Bailey   | Found a large runed translucent door.
  7241 | Bailey   | Noticed an orc knight
  7250 | Bailey   | Noticed a deep elf zephyrmancer
  7473 | D:7      | Identified a scroll of acquirement
  7473 | D:7      | Acquired a manual of Unarmed Combat
  7912 | D:7      | HP: 2/42 [poisoned by a gnoll sergeant]
  8248 | D:7      | Found an iron altar of Okawaru.
  8627 | D:8      | Reached skill level 11 in Dodging
  8821 | D:8      | Noticed a centaur warrior
  8833 | D:8      | Killed a centaur warrior
  9377 | D:8      | Reached XP level 10. HP: 40/47 MP: 9/11
  9560 | D:9      | Noticed a deep elf pyromancer
  9568 | D:9      | Killed a deep elf pyromancer
  9569 | D:9      | Reached skill level 10 in Unarmed Combat
  9617 | D:10     | Entered Level 10 of the Dungeon
  9665 | D:10     | Reached skill level 12 in Dodging
  9781 | D:9      | Noticed a tengu warrior
  9788 | D:9      | Killed a tengu warrior
  9789 | D:9      | Reached skill level 10 in Stealth
 10081 | D:9      | Noticed a manticore
 10106 | D:9      | HP: 1/73 [orc warrior/+0 glaive (4)]
 10107 | D:9      | Slain by an orc warrior
 10108 | D:9      | Reached XP level 9. HP: 0/67 MP: 0/10
 10146 | D:9      | Identified the +0 robe of Hedging {rF+ rN+ rCorr}
 10233 | D:9      | Reached skill level 13 in Dodging
 10239 | D:9      | Noticed a centaur warrior
 10248 | D:9      | Noticed Erica
 10255 | D:9      | Killed a centaur warrior
 10256 | D:9      | Reached XP level 10. HP: 17/49 MP: 3/11
 10262 | D:9      | Killed Erica
 10269 | D:9      | HP: 2/49 [manticore (3)]
 10269 | D:9      | Mangled by a manticore
 10270 | D:9      | Reached XP level 9. HP: -8/46 MP: 0/10
 10406 | D:9      | Noticed a centaur warrior
 10408 | D:9      | Killed a manticore
 10414 | D:9      | Slain by a centaur warrior

Illustrated notes

Levels and vault maps discovered:
D:1:      spicycebolla_arrival_transporter_tutorial, layout_loops_ring,
          shapermc_ecumenical_altar_venn, minmay_misc_feat_doors
D:2:      layout_basic, minmay_misc_feat_diagonals, uniq_sigmund
D:3:      layout_rooms, lemuel_doored_altar, minivault_14, st_stairs_5
D:4:      layout_loops_ring, doesnt_xom_only_xom
D:5:      layout_loops_ring, nicolae_overflow_two_pavilions,
          minmay_shop_enchanted_jewellery, uniq_prince_ribbit1
D:6:      layout_basic, nicolae_overflow_quartered_altars,
          nicolae_uskayaw_suspiria, mainiacjoe_overflow_24_doors,
          nicolae_overflow_hidden_temple, minmay_hedge_maze,
          grunt_decor_junction, uniq_edmund
D:7:      layout_basic, lemuel_tele_altar, minmay_temple_entry_hall,
          enter_bailey_2, grunt_decor_one_mirror, serial_bayou_pond_d
D:8:      layout_loops_ring
D:9:      minmay_diamond_stairs, layout_loops_cross, kennysheep_path_1,
          minmay_misc_feat_x, uniq_erica
D:10:     layout_small_grid, amcnicky_altar_gilded, erik_lair_orcish_takeover,
          minivault_11, minmay_st_funbox, uniq_maggie

Skill      XL: |  1  2  3  4  5  6  7  8  9 10 |
---------------+-------------------------------+-----
Stealth        | 1 2 3 5 6 7 8 10 | 10.0
Unarmed Combat | 4 5 6 9 10 | 10.0
Dodging        | 5 9 10 13 12 | 13.7
Fighting       | 5 9 8 |  9.6

Action                   |  1- 3 |  4- 6 |  7- 9 | 10-12 || total
-------------------------+-------+-------+-------+-------++-------
Melee: Unarmed           |    61 |   105 |   314 |    89 ||   569
       Bite              |     2 |     8 |    40 |    15 ||    65
       Punch             |     2 |     5 |    14 |     4 ||    25
Invok: Berserk           |       |     2 |    13 |     3 ||    18
       Trog's Hand       |       |       |     3 |     1 ||     4
  Use: Scroll            |       |       |    12 |     1 ||    13
       Potion            |       |       |       |     4 ||     4
 Stab: Sleeping          |    11 |    11 |    11 |     2 ||    35
       Distracted        |       |     1 |       |       ||     1
Armor: Skin              |     1 |     5 |    12 |    13 ||    31
Dodge: Dodged            |    36 |    65 |   314 |    88 ||   503
